 Dungeon Crawl Stone Soup version 0.31.0-11-ge490571c62 (webtiles) character file.

Game seed: 257659331075804734

157 qw the Ducker (level 5, 0/25 HPs)
             Began as a Spriggan Hunter on Feb 3, 2024.
             Slain by a black bear (3 damage)
             ... on level 4 of the Dungeon.
             The game lasted 00:00:09 (1711 turns).

qw the Ducker (Spriggan Hunter)                     Turns: 1711, Time: 00:00:09

Health: 0/25       AC:  3    Str: 13    XL:     5   Next: 15%
Magic:  6/6        EV: 23    Int: 10    God:
Gold:   188        SH:  5    Dex: 27    Spells: 4/4 levels left

rFire   . . .        a - +0 shortbow
rCold   . . .        (shield currently unavailable)
rNeg    . . .        c - +0 robe
rPois   .            (helmet restricted)
rElec   .            i - +0 cloak
rCorr   .            (gloves unavailable)
SInv    +            (boots unavailable)
Will    .....        l - amulet of reflection
Stlth   +++          d - +6 ring of dexterity
HPRegen 0.24/turn    e - +6 ring of strength
MPRegen 0.10/turn

%: reflection
@: very quick
A: very small, no large weapons, unfitting armour, see invisible, speed 3
a: no special abilities


You were on level 4 of the Dungeon.
You visited 1 branch of the dungeon, and saw 4 of its levels.

You collected 188 gold pieces.


Innate Abilities, Weirdness & Mutations

You are very small and have problems with some larger weapons.
You are too small for most types of armour.
You have supernaturally acute eyesight. (SInv)
You cover ground extremely quickly. (Speed+++)


   Skills:
 - Level 1.6 Fighting
 - Level 5.0 Ranged Weapons
 + Level 5.9 Dodging
 - Level 1.5 Stealth


You had 4 spell levels left.
You didn't know any spells.
Your spell library was empty.

Inventory:

Hand Weapons
 a - a +0 shortbow (weapon)
Armour
 c - a +0 robe (worn)
 i - a +0 cloak (worn)
Jewellery
 d - a +6 ring of dexterity (left hand)
 e - a +6 ring of strength (right hand)
 l - an amulet of reflection (around neck)
Scrolls
 b - 3 scrolls of identify
Potions
 f - a potion of curing
 j - a potion of mutation {unknown}
 k - a potion of might
 m - a potion of degeneration {unknown}

Dungeon Overview and Level Annotations

Branches:
Dungeon (4/15)
 Temple: D:4-7

Altars:
Yredelemnul
The Shining One


Message History

Found an escape hatch in the ceiling.
You see here a +0 trident of pain.
An endoplasm comes into view.
The endoplasm quivers.
Enter note: You shoot an arrow.
The arrow hits the endoplasm.
The endoplasm is lightly wounded.
You shoot an arrow. The arrow hits the endoplasm!
You kill the endoplasm!
b - 3 scrolls of identify (gained 1)
Found a stone staircase leading up.
Enter note:
Found a stone staircase leading down.
Found an escape hatch in the floor.
There is a stone staircase leading down here.
A black bear comes into view.
You shoot an arrow. The arrow hits the black bear!
The black bear is moderately wounded.
You shoot an arrow. The arrow hits the black bear.
The black bear is heavily wounded.
You shoot an arrow. The arrow hits the black bear.
The black bear is severely wounded.
You shoot an arrow. The arrow barely misses the black bear.
You shoot an arrow. The arrow hits the black bear!
The black bear is almost dead.
The black bear goes berserk!
You shoot an arrow. The arrow hits the black bear.
The black bear is almost dead.
The black bear bites you! The black bear misses you.
The black bear barely misses you. x2; The black bear closely misses you.
You block the black bear's attack.
You shoot an arrow.
The arrow closely misses the black bear.
The black bear bites you! The black bear closely misses you.
The black bear misses you. The black bear bites you.
The black bear misses you. x2
You shoot an arrow.
The arrow closely misses the black bear.
The black bear closely misses you. You block the black bear's attack.
The black bear misses you. The black bear bites you. The black bear claws you.
You die...

#.# #.####...###
##..#... #.# ..#
#.#...# ##.....##
#.. ..##
#.###.###..###...
##. .##
#..##.....## ###.
...
##..#.....#######
#.
##....##.<....)#
##.#.########..
####..#.# ###
#@.>.##.# #
#.h.#####.# #
#..### #.# # #.>#
#.. #.# ##. ...
... ..


You could see a black bear (berserk).

Vanquished Creatures
  Jessica (D:2)
  6 adders
  3 dart slugs
  An orc (D:3)
  2 ball pythons
  6 endoplasms
  3 giant cockroaches
  5 hobgoblins
  4 jackals (D:1)
  11 kobolds
  2 quokkas (D:2)
  6 bats
  6 frilled lizards
  11 goblins
  3 rats
70 creatures vanquished.

Notes
Turn   | Place    | Note
-------+----------+-------------------------------------------
     0 | D:1      | qw the Spriggan Hunter began the quest for the Orb.
     0 | D:1      | Reached XP level 1. HP: 10/10 MP: 2/2
     0 | D:1      | 0 ||| qw: Version: 0.3-a-157-g843a77d
     0 | D:1      | 0 ||| qw: Game counter: 4044
     0 | D:1      | 0 ||| qw: Melee chars always use a shield: true
     0 | D:1      | 0 ||| qw: God list: Okawaru
     0 | D:1      | 0 ||| qw: Allow faded altars: false
     0 | D:1      | 0 ||| qw: Do Orc after clearing Dungeon:15 true
     0 | D:1      | 0 ||| qw: Do second Lair branch before Depths: true
     0 | D:1      | 0 ||| qw: Lair rune preference: random
     0 | D:1      | 0 ||| qw: Goals: Normal
     0 | D:1      | 0 ||| PLANNING D:1-11
    30 | D:1      | Reached skill level 3 in Dodging
   101 | D:1      | Reached XP level 2. HP: 14/14 MP: 3/3
   315 | D:1      | Reached XP level 3. HP: 18/18 MP: 4/4
   485 | D:1      | 485 ||| UPGRADING to +0 cloak.
   490 | D:1      | 490 ||| READING scroll labelled DALAXZ GYUROC.
   491 | D:1      | 491 ||| READING scroll labelled PUQIMO BIBBA.
   492 | D:1      | 492 ||| READING scroll labelled BUNWEEKLOB.
   492 | D:1      | 492 ||| IDENTIFYING fuming red potion
   493 | D:1      | 493 ||| DRINKING 2 ruby potions.
   494 | D:1      | 494 ||| DROPPING scroll of butterflies.
   495 | D:1      | 495 ||| DROPPING potion of brilliance.
   660 | D:2      | 660 ||| FLEEEEING.
   718 | D:2      | Reached XP level 4. HP: 22/22 MP: 5/5
   737 | D:2      | Noticed Jessica
   743 | D:2      | Killed Jessica
   832 | D:2      | Found a faded altar of an unknown god.
   873 | D:2      | 873 ||| UPGRADING to +6 ring of dexterity.
   874 | D:2      | 874 ||| READING scroll labelled HIREFI LUCE.
   876 | D:2      | 876 ||| Stepping ~*~*~tactically~*~*~ (cloud).
   884 | D:2      | HP: 5/22 [poisoned by you (poison gas)]
  1489 | D:3      | 1489 ||| UPGRADING to amulet of reflection.
  1494 | D:3      | 1494 ||| UPGRADING to ring of positive energy.
  1495 | D:3      | 1495 ||| UPGRADING to +6 ring of strength.
  1497 | D:3      | 1497 ||| DROPPING ring of positive energy.
  1498 | D:3      | 1498 ||| READING scroll labelled ENYOJI WETUZXU.
  1501 | D:3      | 1501 ||| READING scroll labelled CEDUIHEATA.
  1502 | D:3      | 1502 ||| DRINKING 2 fizzy purple potions.
  1596 | D:4      | Found a glowing golden altar of the Shining One.
  1602 | D:4      | Found a basalt altar of Yredelemnul.
  1604 | D:4      | Reached XP level 5. HP: 25/25 MP: 6/6
  1605 | D:4      | Noticed a profane servitor
  1703 | D:4      | Noticed a black bear
  1710 | D:4      | HP: 4/25 [black bear (6)]
  1711 | D:4      | Slain by a black bear

Levels and vault maps discovered:
D:1:      mushboom_english_gardens, layout_rooms
D:2:      layout_rooms, shapermc_ecumenical_altar_acropolis, uniq_jessica
D:3:      layout_basic, mrwooster_statue_mirror
D:4:      cheibrodos_old_hovel, layout_rooms, grunt_temple_overflow_holy_war,
          general_overflow_altar, lemuel_blue_sif_altar,
          nicolae_shop_dragon_depot

Skill      XL: |  1  2  3  4 |
---------------+-------------+-----
Dodging        | 3 4 5 |  5.9
Ranged Weapons | 5 |  5.0
Fighting       | |  1.6
Stealth        | |  1.5

Action                     |  1- 3 |  4- 6 || total
---------------------------+-------+-------++-------
   Fire: Shortbow          |   117 |    55 ||   172
    Use: Scroll            |     3 |     3 ||     6
         Potion            |     1 |     1 ||     2
 Armour: Robe              |     9 |     5 ||    14
  Dodge: Dodged            |    40 |    12 ||    52
  Block: Other             |       |     2 ||     2

Table legend:
 A = Non-vault XP
 B = Vault XP
 C = Vault XP percentage of total XP
 D = Non-vault monster count
 E = Vault monster count
 F = Vault count percentage of total count
                 A         B        C        D         E       F
            +---------+---------+-------+---------+---------+-------
      Total |     186 |      39 |  17.3 |      68 |       2 |   2.9
            +---------+---------+-------+---------+---------+-------
        D:1 |      49 |       0 |   0.0 |      30 |       0 |   0.0
        D:2 |      67 |      37 |  35.6 |      21 |       1 |   4.5
        D:3 |      13 |       0 |   0.0 |       7 |       0 |   0.0
        D:4 |      57 |       2 |   3.4 |      10 |       1 |   9.1
            +---------+---------+-------+---------+---------+-------
